 Dungeon Crawl Stone Soup version 0.22.0 (webtiles) character file.

121 BigChef the Slasher (level 4, 0/35 HPs)
             Began as a Demonspawn Chaos Knight on Sept 3, 2018.
             Slain by a big kobold (2 damage)
             ... in a sewer.
             The game lasted 00:02:50 (1565 turns).

BigChef the Slasher (Demonspawn Chaos Knight)       Turns: 1565, Time: 00:02:52

Health: 0/35       AC:  5    Str: 14    XL:     4   Next: 76%
Magic:  4/4        EV: 11    Int:  7    God:    Xom [..*...]
Gold:   137        SH:  0    Dex: 12    Spells: 3/3 levels left

rFire    + . .     SeeInvis .   a - +0 falchion (chaos)
rCold    . . .     Gourm    .   (no shield)
rNeg     . . .     Faith    .   b - +2 leather armour
rPois    .         Spirit   .   (helmet restricted)
rElec    .         Reflect  .   (no cloak)
rCorr    .         Harm     .   (no gloves)
MR       .....                  (no boots)
Stlth    +.........             (no amulet)
HPRegen  0.11/turn              j - -6 ring of intelligence (curse)
MPRegen  0.09/turn              (no ring)

@: flying
A: antennae 1, fire resistance 1
a: Renounce Religion


You were in a sewer.
You worshipped Xom.
You were a toy of Xom.
You were not hungry.

You visited 1 branch of the dungeon, and saw 3 of its levels.
You also visited: Sewer.

You collected 137 gold pieces.

Inventory:

Hand Weapons
 a - a +0 falchion of chaos (weapon)
Armour
 b - a +2 leather armour (worn)
Jewellery
 j - a cursed -6 ring of intelligence (left hand)
Scrolls
 d - 4 scrolls of teleportation {unknown}
 e - a scroll of noise {unknown}
 f - 3 scrolls of identify {unknown}
 g - 2 scrolls of remove curse {unknown}
 h - a scroll of amnesia {unknown}
 k - 2 scrolls of immolation {unknown}
Potions
 m - a potion of heal wounds
Comestibles
 c - 5 rations


   Skills:
 + Level 3.5 Fighting
 + Level 4.2 Long Blades
 + Level 2.4 Armour
 + Level 1.1 Dodging
 + Level 0.3 Stealth


You had 3 spell levels left.
You didn't know any spells.
Your spell library was empty.

Dungeon Overview and Level Annotations

Branches:
Dungeon (3/15)

Altars:


Innate Abilities, Weirdness & Mutations

You have a pair of small antennae on your head.
Your flesh is heat resistant. (rF+)


Message History

You hear a splashing noise.
You miss something.
The big kobold splashes around in the water.
Something hits you. x2
The big kobold splashes around in the water.
You closely miss something. The kobold hits you but does no damage.
Something hits you. x2; The big kobold closely misses you.
You barely miss the kobold. The kobold hits you. Something hits you.
* * * LOW HITPOINT WARNING * * *
Something hits you.
* * * LOW HITPOINT WARNING * * *
The big kobold splashes around in the water.
You closely miss the kobold. The kobold completely misses you.
Something hits you.
* * * LOW HITPOINT WARNING * * *
Something hits you.
* * * LOW HITPOINT WARNING * * *
The big kobold hits you.
You die...
Xom bursts into laughter!

###### #..!.#
#..∩.# #!!..#
#...!# ##''##
###..≈≈#
#...≈K{#
##...≈{@#
#.....KK#
#......P#
#......≈#
##....≈≈P#
#.....≈≈≈#≈
##.....≈≈≈≈≈
#.......≈P#≈≈
##..††..≈≈#≈≈


You could see a big kobold and 2 kobolds.

Vanquished Creatures
  3 gnolls (D:2)
  3 adders
  A river rat (D:3)
  An ooze (D:1)
  A worm (D:3)
  3 leopard geckos
  A ball python (Sewer)
  8 bats
  3 giant cockroaches
  A giant cockroach (shapeshifter) (D:3)
  4 goblins
  3 hobgoblins
  3 jackals (D:3)
  2 kobolds (D:1)
  2 quokkas (D:3)
  A frilled lizard (D:3)
  6 rats
46 creatures vanquished.

Notes
Turn   | Place    | Note
-------+----------+-------------------------------------------
     0 | D:1      | BigChef the Demonspawn Chaos Knight began the quest for the Orb.
     0 | D:1      | Reached XP level 1. HP: 18/18 MP: 1/1
    89 | D:1      | Gained mutation: Your flesh is heat resistant. (rF+) [demonic ancestry]
    89 | D:1      | Reached XP level 2. HP: 24/24 MP: 2/2
   621 | D:2      | XOM: divination: detect items
   675 | D:2      | Reached skill level 3 in Long Blades
   694 | D:2      | Reached XP level 3. HP: 29/29 MP: 3/3
   986 | D:2      | XOM: harmless Air miscast
  1197 | D:3      | Gained mutation: You have a pair of small antennae on your head. [demonic ancestry]
  1197 | D:3      | Reached XP level 4. HP: 27/35 MP: 4/4
  1336 | D:3      | Reached skill level 1 in Dodging
  1392 | D:3      | Reached skill level 4 in Long Blades
  1454 | D:3      | XOM: potion effect (might)
  1467 | D:3      | Found a glowing drain.
  1473 | Sewer    | Entered a sewer
  1547 | Sewer    | Noticed a big kobold
  1547 | Sewer    | Noticed a big kobold
  1547 | Sewer    | Noticed a big kobold
  1565 | Sewer    | Slain by a big kobold

Skill      XL: |  1  2  3  4 |
---------------+-------------+-----
Armour         | 2 |  2.4
Long Blades    | 3 4 |  4.2
Dodging        | 1 |  1.1
Fighting       | |  3.5
Stealth        | |  0.3

Action                   |  1- 3 |  4- 6 || total
-------------------------+-------+-------++-------
Melee: Falchion          |    45 |    76 ||   121
  Use: Potion            |     2 |     5 ||     7
 Stab: Sleeping          |     1 |       ||     1
       Petrified         |       |     5 ||     5
       Paralysed         |       |     1 ||     1
  Eat: Chunk             |       |     2 ||     2
Armor: Leather armour    |    11 |    30 ||    41
       Skin              |    14 |       ||    14
Dodge: Dodged            |    33 |    49 ||    82
       Rpst.: Falchion   |    16 |    16 ||    32
